 Dungeon Crawl Stone Soup version 0.28.0-53-g5a82cb258f (webtiles) character file.

Game seed: 11300769360595538140

1019 mortz the Firebug (level 8, -1/58 HPs)
             Began as a Hill Orc Fire Elementalist on July 3, 2022.
             Succumbed to a kobold brigand's curare-tipped dart
             ... in a sewer.
             The game lasted 00:36:50 (6762 turns).

mortz the Firebug (Hill Orc Fire Elementalist)      Turns: 6762, Time: 00:36:50

Health: -1/58      AC:  6    Str: 11    XL:     8   Next: 22%
Magic:  10/14      EV: 11    Int: 17    God:
Gold:   205        SH:  3    Dex: 11    Spells: 9/15 levels left

rFire   . . .      SeeInvis .   c - +0 war axe {axe}
rCold   . . .      Faith    .   v - +0 buckler
rNeg    . . .      Spirit   .   j - +0 leather armour
rPois   .          Reflect  .   l - +0 helmet
rElec   .          Harm     .   g - +0 cloak
rCorr   .          Rampage  .   h - +0 pair of gloves
Will    .....                   (no boots)
Stlth   ++........              (no amulet)
HPRegen 0.19/turn               (no ring)
MPRegen 0.14/turn               (no ring)

@: lethally poisoned (-1 -> -34), slowed, very slow
A: no striking features
a: no special abilities


You were in a sewer.
You visited 1 branch of the dungeon, and saw 5 of its levels.
You also visited: Sewer.

You collected 205 gold pieces.


   Skills:
 + Level 0.3 Fighting
 + Level 0.4 Axes
 + Level 3.0 Armour
 + Level 2.0 Dodging
 + Level 2.4 Stealth
 + Level 0.1 Shields
 + Level 4.1 Spellcasting
 * Level 4.2 Conjurations
 + Level 6.2 Fire Magic


You had 9 spell levels left.
You knew the following spells:

 Your Spells              Type           Power      Damage    Failure   Level
a - Foxfire               Conj/Fire      84%        2x1d8     3%          1
b - Scorch                Fire           48%        2d7       3%          2
c - Conjure Flame         Conj/Fire      21%        6-21      10%         3

Your spell library contained the following spells:

 Spells                   Type           Power      Damage    Failure   Level
 Inner Flame              Hex/Fire       14%        N/A       22%         3
 Flame Wave               Conj/Fire      21%        2d7       32%         4
 Corpse Rot               Necr/Air       6%         N/A       38%         2
 Poisonous Vapours        Pois/Air       6%         N/A       38%         2

Inventory:

Hand Weapons
 c - a +0 war axe (weapon) {axe}
   (You found it on level 1 of the Dungeon)
 m - a +0 trident {polearm}
   (You took it off Robin on level 3 of the Dungeon)
 n - a +0 mace {mace}
   (You found it on level 4 of the Dungeon)
 s - a +0 long sword {long}
   (You took it off a hobgoblin on level 4 of the Dungeon)
 x - a +0 short sword of draining {short}
   (You found it on level 5 of the Dungeon)
Missiles
 z - 3 curare-tipped darts {=fthrowing}
 A - 8 poisoned darts {throwing}
Armour
 a - a +0 robe
 g - a +0 cloak (worn)
   (You found it on level 2 of the Dungeon)
 h - a +0 pair of gloves (worn)
   (You found it on level 2 of the Dungeon)
 j - a +0 leather armour (worn)
   (You took it off an orc on level 2 of the Dungeon)
 l - a +0 helmet (worn)
   (You took it off Robin on level 3 of the Dungeon)
 v - a +0 buckler (worn)
   (You found it on level 4 of the Dungeon)
Magical Staves
 y - a staff of death {!astaff}
   (You found it on level 5 of the Dungeon)
Scrolls
 b - 3 scrolls of teleportation {unknown}
 d - a scroll of identify {unknown}
 r - a scroll of enchant armour {unknown}
 t - 2 scrolls of vulnerability {unknown}
 u - a scroll of torment {unknown}
 w - a scroll of brand weapon {unknown}
 B - a scroll of blinking {unknown}
 C - a scroll of enchant weapon {unknown}
Potions
 e - a potion of haste {unknown}
 f - a potion of lignification {unknown}
 i - a potion of heal wounds {unknown}
 k - a potion of curing {@q1}
 o - a potion of brilliance {unknown}
 p - 3 potions of cancellation {unknown}
 q - a potion of mutation {unknown}
 D - a potion of resistance {unknown}

Dungeon Overview and Level Annotations

Branches:
Dungeon (5/15)              Sewer (1/1)
 Temple: D:4-7

Altars:

Shops:
D:4

( #≈≈≈.....≈.≈.
#≈..........≈ #.≈≈..≈≈∩.∩.≈
#≈≈...≈≈..... #######
##≈≈≈...≈...≈≈ #.≈≈≈≈#####
##≈.≈≈≈≈..≈≈.≈≈
#####≈†≈≈≈####.≈≈≈##≈.≈.≈≈..
#.≈≈≈≈###≈v.v..≈≈####≈..≈≈.≈
####### #.§@v≈..≈# ##≈.≈.≈..
.≈r≈≈###§§≈v≈..####≈≈≈≈≈≈≈≈
#≈≈K≈§########≈≈≈..≈≈≈..
.≈≈≈≈##### #.≈≈≈.#####≈ ###
#.≈..## ## #≈.≈## # #...#
#.≈≈# ##≈.≈## #


You could see a kobold brigand (ally target).


Message History

You lost 1 mp, and now have 13/14 mp.
The foxfire hits the endoplasm.
Casting: Foxfire (safe; 3% risk of failure)
Press: ? - help, Q - select action, (/) - cycle Dir - look around, f - activate You conjure some foxfire! 😎 MP[-1]
You lost 1 mp, and now have 12/14 mp.
The foxfire hits the endoplasm.
You kill the endoplasm!
The adder hisses angrily. 😎 MP[+1]
Casting: Foxfire (safe; 3% risk of failure)
Press: ? - help, Q - select action, (/) - cycle Dir - look around, f - activate You conjure some foxfire! 😎 MP[-1]
You lost 1 mp, and now have 12/14 mp.
The foxfire hits the adder.
The adder is engulfed in a cloud of scalding steam.
You kill the adder!
You enter the shallow water.
Moving in this stuff is going to be slow.
A rat and a kobold brigand come into view.
The kobold brigand is wielding a +0 dagger and quivering curare-tipped darts. 😎 MP[+2]
Your mp is fully restored (14).
You see here an adder corpse.
You see here an adder corpse.
The kobold brigand shouts!
The kobold brigand throws a curare-tipped dart.
The curare-tipped dart hits you.
You are poisoned.
You have difficulty breathing.
You feel yourself slow down. 😕 HP[-7]
You take 7 damage, and now have 51/58 hp.
Casting: Foxfire (safe; 3% risk of failure)
Press: ? - help, Q - select action, (/) - cycle Dir - look around, f - activate You conjure some foxfire!
You feel very sick.
The kobold brigand throws a curare-tipped dart.
The curare-tipped dart hits you.
You are more poisoned.
You have difficulty breathing.
You feel as though you will be slow longer. 😮 HP[-13] MP[-1]
You take 13 damage, and now have 38/58 hp.
MASSIVE DAMAGE!! (PAUSE)
You lost 1 mp, and now have 13/14 mp.
Casting: Foxfire (safe; 3% risk of failure)
Press: ? - help, Q - select action, (/) - cycle Dir - look around, f - activate You miscast Foxfire.
You are very lightly contaminated with residual magic.
Nothing appears to happen.
You feel very sick.
The foxfire hits the rat.
You kill the rat! 😮 HP[-6] MP[-1]
You take 6 damage, and now have 32/58 hp.
You lost 1 mp, and now have 12/14 mp.
Casting: Foxfire (safe; 3% risk of failure)
Press: ? - help, Q - select action, (/) - cycle Dir - look around, f - activate
Okay, then.
You start resting.
You feel very sick. x2
A kobold brigand is nearby! 😨 HP[-7]
You take 7 damage, and now have 25/58 hp.
Casting: Foxfire (safe; 3% risk of failure)
Press: ? - help, Q - select action, (/) - cycle Dir - look around, f - activate You conjure some foxfire!
You feel sick. 😨 HP[-1]
You take 1 damage, and now have 24/58 hp.
Casting: Foxfire (safe; 3% risk of failure)
Press: ? - help, Q - select action, (/) - cycle Dir - look around, f - activate You conjure some foxfire!
You feel sick.
The foxfire hits the kobold brigand. x2
The kobold brigand is engulfed in a cloud of scalding steam.
The kobold brigand throws a curare-tipped dart.
The curare-tipped dart hits you.
You are more poisoned.
You have difficulty breathing.
* * * LOW HITPOINT WARNING * * *
You feel as though you will be slow longer.
The kobold brigand is engulfed in a cloud of scalding steam.
The kobold brigand throws a curare-tipped dart.
The curare-tipped dart hits you.
You are lethally poisoned!
You have difficulty breathing.
* * * LOW HITPOINT WARNING * * *
You feel as though you will be slow longer.
Your magical contamination has completely faded away. 😱 HP[-15] MP[-1]
You take 15 damage, and now have 9/58 hp.
MASSIVE DAMAGE!! (PAUSE)
You lost 1 mp, and now have 11/14 mp.
Casting: Foxfire (safe; 3% risk of failure)
Press: ? - help, Q - select action, (/) - cycle Dir - look around, f - activate You conjure some foxfire!
You die...

Skill      XL: |  1  2  3  4  5  6  7  8 |
---------------+-------------------------+-----
Stealth        | 2 |  2.4
Spellcasting   | 2 3 4 |  4.1
Fire Magic     | 4 5 6 |  6.2
Conjurations   | 2 3 4 |  4.2
Armour         | 1 2 3 |  3.0
Dodging        | 2 |  2.0
Fighting       | |  0.3
Axes           | |  0.4
Shields        | |  0.1

Action                   |  1- 3 |  4- 6 |  7- 9 || total
-------------------------+-------+-------+-------++-------
Melee: Unarmed           |     1 |       |       ||     1
       War axe           |     2 |    25 |     5 ||    32
 Cast: Foxfire           |    39 |    81 |    61 ||   181
       Scorch            |     6 |    32 |    14 ||    52
Armor: Robe              |       |     7 |       ||     7
       Leather armour    |       |    18 |    12 ||    30
Dodge: Dodged            |     2 |    36 |    15 ||    53
Block: Buckler           |       |       |     2 ||     2

Levels and vault maps discovered:
D:1:      ncdulo_watergridlock, layout_loops_ring
D:2:      layout_loops_ring, nrook_loot_triangle, minmay_misc_feat_more_columns,
          minmay_worlds_worst_comb, uniq_terence
D:3:      layout_loops_ring, shapermc_ecumenical_altar_mp_vishouse,
          serial_aquarium, aquarium_bridge_long_separate
          [aquarium_subvault_window, aquarium_subvault_bridge,
          aquarium_subvault_window, aquarium_subvault_bridge,
          aquarium_subvault_bridge, aquarium_subvault_wall],
          aquarium_window_corridor_1, aquarium_window_fake, aquarium_view_2c,
          aquarium_balcony_3b, uniq_robin
D:4:      layout_basic, serial_shops, shop, dk_vineyard_3
D:5:      layout_cave_pods, lightli_sewer_entry_pipes, minmay_diced_spiral
Sewer:    sewer_co_tree

Notes
Turn   | Place    | Note
-------+----------+-------------------------------------------
     0 | D:1      | mortz the Hill Orc Fire Elementalist began the quest for
                  | the Orb.
     0 | D:1      | Reached XP level 1. HP: 14/14 MP: 3/3
     0 | D:1      | magus.rc [v1.9.6]
   424 | D:1      | Reached XP level 2. HP: 20/20 MP: 1/4
   650 | D:1      | Learned a level 2 spell: Scorch
   751 | D:1      | You pick up a book of Vapours and begin reading...
   751 | D:1      | You add the spells Poisonous Vapours and Corpse Rot to your
                  | library.
  1286 | D:1      | Reached XP level 3. HP: 26/26 MP: 2/5
  1510 | D:2      | Noticed Terence
  1618 | D:2      | Killed Terence
  1619 | D:2      | Reached skill level 2 in Stealth
  1619 | D:2      | Reached skill level 2 in Spellcasting
  1619 | D:2      | Reached skill level 4 in Fire Magic
  1619 | D:2      | Reached XP level 4. HP: 33/33 MP: 0/7
  2670 | D:2      | Reached skill level 2 in Conjurations
  2737 | D:3      | Reached XP level 5. HP: 38/38 MP: 1/8
  3041 | D:3      | Learned a level 3 spell: Conjure Flame
  3322 | D:3      | Found a faded altar of an unknown god.
  3445 | D:3      | Noticed Robin
  3693 | D:3      | Killed Robin
  3887 | D:3      | HP: 8/38 [orc/+0 short sword (2)]
  3896 | D:3      | Reached skill level 1 in Armour
  3896 | D:3      | Reached XP level 6. HP: 11/45 MP: 2/10
  4638 | D:4      | Reached skill level 5 in Fire Magic
  4917 | D:4      | Reached skill level 3 in Spellcasting
  4923 | D:4      | Reached skill level 2 in Armour
  5013 | D:4      | Reached skill level 3 in Conjurations
  5013 | D:4      | Reached XP level 7. HP: 50/50 MP: 7/11
  5273 | D:4      | Found Ruohac's Weapon Shop.
  5620 | D:5      | Entered Level 5 of the Dungeon
  5983 | D:5      | Found a glowing drain.
  5988 | Sewer    | Entered a sewer
  6052 | Sewer    | Reached skill level 2 in Dodging
  6104 | Sewer    | Reached skill level 3 in Armour
  6104 | Sewer    | Reached skill level 6 in Fire Magic
  6197 | Sewer    | Reached XP level 8. HP: 58/58 MP: 9/13
  6303 | Sewer    | Reached skill level 4 in Spellcasting
  6303 | Sewer    | Reached skill level 4 in Conjurations
  6761 | Sewer    | HP: 14/58 [asphyx]
  6762 | Sewer    | Succumbed to a kobold brigand's curare-tipped dart

Vanquished Creatures
  An ogre (D:4)
  4 kobold brigands (Sewer)
  A phantom (D:5)
  A scorpion (D:4)
  A centaur skeleton (D:5)
  4 orc wizards
  Terence (D:2)
  A killer bee zombie (D:4)
  A hound skeleton (D:4)
  Robin (D:3)
  6 gnolls
  10 adders
  5 river rats
  An adder skeleton (D:4)
  7 worms
  A dart slug (D:1)
  12 orcs
  5 ball pythons
  16 endoplasms
  7 giant cockroaches
  10 hobgoblins
  5 jackals
  4 kobolds
  2 quokkas
  4 bats
  2 frilled lizards
  15 goblins
  5 rats
133 creatures vanquished.

Vanquished Creatures (others)
  307 foxfires
307 creatures vanquished.

Grand Total: 440 creatures vanquished

Table legend:
 A = Non-vault XP
 B = Vault XP
 C = Vault XP percentage of total XP
 D = Non-vault monster count
 E = Vault monster count
 F = Vault count percentage of total count
                 A         B        C        D         E       F
            +---------+---------+-------+---------+---------+-------
      Total |     784 |     672 |  46.2 |      92 |      41 |  30.8
            +---------+---------+-------+---------+---------+-------
        D:1 |      35 |       0 |   0.0 |      19 |       0 |   0.0
        D:2 |      65 |      42 |  39.3 |      20 |       6 |  23.1
        D:3 |     211 |      27 |  11.3 |      24 |       7 |  22.6
        D:4 |     311 |       0 |   0.0 |      22 |       0 |   0.0
        D:5 |     162 |      98 |  37.7 |       7 |       9 |  56.2
      Sewer |       0 |     505 | 100.0 |       0 |      19 | 100.0
            +---------+---------+-------+---------+---------+-------

Illustrated notes

Table legend:
 A = Kills in this place as a percentage of kills in entire the game.
 B = Kills by you in this place as a percentage of kills by you in the entire game.
 C = Kills by friends in this place as a percentage of kills by friends in the entire game.
 D = Other kills in this place as a percentage of other kills in the entire game.
 E = Experience gained in this place as a percentage of experience gained in the entire game.
 F = Experience gained in this place divided by the number of levels of this place that you have seen.
                   A       B       C       D       E      F
               +-------+-------+-------+-------+-------+----------------------
         Total | 100.0 | 100.0 |   N/A |   N/A | 100.0 | 242.7
       Dungeon |  85.7 |  85.7 |   N/A |   N/A |  65.3 | 190.2
         Sewer |  14.3 |  14.3 |   N/A |   N/A |  34.7 | 505.0
               +-------+-------+-------+-------+-------+----------------------

Table legend: (Time is in decaauts)
 A = Elapsed time spent in this place.
 B = Non-inter-level travel time spent in this place.
 C = Inter-level travel time spent in this place.
 D = Time resting spent in this place.
 E = Time spent auto-exploring this place.
 F = Levels seen in this place.
 G = Mean time per level.
                   A        B        C        D        E       F      G
               +--------+--------+--------+--------+--------+-----+--------+
         Total |   6932 |   6666 |    266 |    617 |   4801 |   6 | 1155.3 |
       Dungeon |   6018 |   5752 |    266 |    543 |   4125 |   5 | 1203.6 |
         Sewer |    913 |    913 |      0 |     74 |    675 |   1 |  913.0 |
               +--------+--------+--------+--------+--------+-----+--------+

Top non-repeatable levels by time:
     D:3: 1750 daAuts
     D:2: 1704 daAuts
     D:1: 1357 daAuts
   Sewer: 913 daAuts
     D:4: 826 daAuts
     D:5: 379 daAuts
